 Dungeon Crawl Stone Soup version 0.22.1-2-g9c5b331 (webtiles) character file.

434118 pkoi the Minotaur Blade (level 22, -7/210 (211) HPs)
             Began as a Minotaur Gladiator on Nov 16, 2018.
             Was the Champion of Okawaru.
             Succumbed to an ushabti's dark miasma
             ... on level 2 of the Tomb of the Ancients on Nov 21, 2018.
             The game lasted 02:55:57 (68119 turns).

pkoi the Minotaur Blade (Minotaur Gladiator)       Turns: 68119, Time: 02:55:57

HP:   -7/210 (211)  AC: 25    Str: 30    XL:     22   Next: 89%
MP:   30/30         EV: 22    Int:  5    God:    Okawaru [******]
Gold: 3387          SH: 17    Dex: 11    Spells: 19/21 levels left

rFire    + + +     SeeInvis .   a - +9 double sword (holy)
rCold    + + +     Gourm    .   V - +2 shield {rC+}
rNeg     + + .     Faith    .   F - +3 scale mail of an ossuary {rF+ rC+ rN+ MR+}
rPois    .         Spirit   .   S - +1 hat
rElec    .         Reflect  .   o - +2 cloak {+Inv}
rCorr    .         Harm     .   H - +0 pair of gloves of Levity {*Drain rF+ rC+ rN+}
MR       ++...     Clarity  +   x - +1 pair of boots of Curiosity {rC+}
Stlth    +.........             G - amulet of Qago Ido {+Rage +Fly Str+2 Slay+3}
HPRegen  0.00/turn              l - +4 ring of evasion
MPRegen  0.22/turn              i - ring "Imommuej" {rF+++ rC- Dex-2 Slay+3 Stlth+}

@: lethally poisoned (-7 -> -93), non-regenerating, diseased, slowed, very slow
A: retaliatory headbutt, horns 2, thin metallic scales 1, clarity, deterioration
1, MP-powered wands
}: 2/15 runes: decaying, gossamer
a: Heroism, Finesse, Renounce Religion, Evoke Berserk Rage, Evoke Invisibility,
Evoke Flight


You were on level 2 of the Tomb of the Ancients.
You worshipped Okawaru.
Okawaru was exalted by your worship.
You were hungry.

You visited 11 branches of the dungeon, and saw 46 of its levels.
You visited the Abyss 1 time.
You also visited: Ossuary, Volcano and Desolation.

You collected 4876 gold pieces.
You spent 1489 gold pieces at shops.

Inventory:

Hand Weapons
 a - a +9 double sword of holy wrath (weapon)
 b - a +1 scimitar of flaming
 K - the +9 rapier "Tung" {flame, rPois rC++ MR- Stlth+, unknown}
   (Okawaru gifted it to you on level 1 of the Tomb of the Ancients)

   It has been specially enchanted to burn those struck by it, causing extra
   injury to most foes and up to half again as much damage against particularly
   susceptible opponents.
   It greatly protects you from cold.
   It protects you from poison.
   It affects your resistance to hostile enchantments.
   It makes you more stealthy.
 T - the +8 great sword "Qamuraim" {vamp, MR++ Int-2, unknown}
   (You took it off a guardian mummy on level 2 of the Tomb of the Ancients)

   It inflicts no extra harm, but heals its wielder when it wounds a living foe.
   It affects your intelligence (-2).
   It affects your resistance to hostile enchantments.
Missiles
 d - 6 throwing nets
 r - 8 steel javelins
 v - 2 javelins of returning
 w - 17 poisoned javelins (quivered)
Armour
 o - a +2 cloak of invisibility (worn)
 x - the +1 pair of boots of Curiosity (worn) {rC+}
   (You bought it in a shop on level 2 of the Orcish Mines)

   It protects you from cold.
 F - the +3 scale mail of an ossuary (worn) {rF+ rC+ rN+ MR+}
   (Okawaru gifted it to you on level 2 of the Vaults)

   It protects you from fire.
   It protects you from cold.
   It protects you from negative energy.
   It affects your resistance to hostile enchantments.
 H - the +0 pair of gloves of Levity (worn) {*Drain rF+ rC+ rN+}
   (You found it on level 3 of the Abyss)

   It protects you from fire.
   It protects you from cold.
   It protects you from negative energy.
   It causes draining when unequipped.
 S - a +1 hat (worn)
 V - a +2 shield of cold resistance (worn)
Jewellery
 i - the ring "Imommuej" (right hand) {rF+++ rC- Dex-2 Slay+3 Stlth+}
   (You acquired it on level 4 of the Spider Nest)

   [ring of slaying]

   It affects your dexterity (-2).
   It affects your accuracy and damage with ranged weapons and melee attacks
   (+3).
   It renders you almost immune to fire.
   It makes you vulnerable to cold.
   It makes you more stealthy.
 l - a +4 ring of evasion (left hand)
 G - the amulet of Qago Ido (around neck) {+Rage +Fly Str+2 Slay+3}
   (You took it off a deep elf demonologist on level 3 of the Elven Halls)

   [amulet of rage]

   It affects your strength (+2).
   It affects your accuracy and damage with ranged weapons and melee attacks
   (+3).
   It lets you fly.
   It lets you go berserk.
Wands
 p - a wand of enslavement (15)
 u - a wand of disintegration (49)
 y - a wand of digging (46)
 D - a wand of polymorph (11)
 J - a wand of iceblast (18)
 N - a wand of paralysis (29)
 O - a wand of acid (11)
Scrolls
 g - 6 scrolls of magic mapping
 j - 18 scrolls of teleportation
 m - 11 scrolls of identify
 n - a scroll of enchant armour
 q - 3 scrolls of holy word
 s - 3 scrolls of fog
 I - 4 scrolls of enchant weapon
 L - 4 scrolls of blinking
 U - 3 scrolls of fear
 X - 17 scrolls of remove curse
 Z - a scroll of silence
Potions
 c - 3 potions of cancellation
 k - 4 potions of haste
 t - 5 potions of heal wounds
 z - 11 potions of curing
 A - 6 potions of might
 B - 5 potions of brilliance
 C - a potion of agility
 E - 7 potions of flight
 P - a potion of berserk rage
 Q - 3 potions of resistance
 R - a potion of ambrosia
Miscellaneous
 e - a lightning rod (4/4)
 h - a lamp of fire
 M - 2 phantom mirrors
Comestibles
 f - 65 rations


   Skills:
 + Level 20.4 Fighting
 + Level 22.6 Long Blades
 + Level 14.6 Throwing
 - Level 18.0 Armour
 - Level 15.5 Dodging
 + Level 16.6 Shields
 + Level 11.2 Invocations
 - Level 12.0 Evocations


You had 19 spell levels left.
You knew the following spells:

 Your Spells              Type           Power        Failure   Level  Hunger
a - Blink                 Tloc           N/A          77%         2    ###....

Your spell library contained the following spells:

 Spells                   Type           Power        Failure   Level  Hunger
 Beastly Appendage        Tmut           #.....       63%         1    ##.....
 Confusing Touch          Hex            #.....       63%         1    ##.....
 Flame Tongue             Conj/Fire      #....        63%         1    ##.....
 Infusion                 Chrm           #...         63%         1    ##.....
 Magic Dart               Conj           #...         63%         1    ##.....
 Sandblast                Erth           #.....       63%         1    ##.....
 Shock                    Conj/Air       #...         63%         1    ##.....
 Sting                    Conj/Pois      #...         63%         1    ##.....
 Summon Small Mammal      Summ           #...         63%         1    ##.....
 Call Imp                 Summ           #.......     77%         2    ###....
 Passwall                 Tmut/Erth      #.......     77%         2    ###....
 Poisonous Vapours        Pois/Air       #.....       77%         2    ###....
 Searing Ray              Conj           #.....       77%         2    ###....
 Shroud of Golubria       Chrm/Tloc      #.........   77%         2    ###....
 Slow                     Hex            #.......     77%         2    ###....
 Song of Slaying          Chrm           #.......     77%         2    ###....
 Sticks to Snakes         Tmut           #.......     77%         2    ###....
 Swiftness                Chrm/Air       #.......     77%         2    ###....
 Call Canine Familiar     Summ           #.......     94%         3    ####...
 Confuse                  Hex            #.......     94%         3    ####...
 Conjure Flame            Conj/Fire      #.......     94%         3    ####...
 Dazzling Spray           Conj/Hex       #.....       94%         3    ####...
 Gell's Gravitas          Tloc           #.........   94%         3    ####...
 Mephitic Cloud           Conj/Pois/Air  #.......     94%         3    ####...
 Portal Projectile        Hex/Tloc       #.....       94%         3    ####...
 Regeneration             Chrm/Necr      #.........   94%         3    ####...
 Spectral Weapon          Hex/Chrm       #.......     94%         3    ####...
 Spider Form              Tmut/Pois      #.........   94%         3    ####...
 Static Discharge         Conj/Air       #.......     94%         3    ####...
 Stone Arrow              Conj/Erth      #.....       94%         3    ####...
 Summon Guardian Golem    Hex/Summ       #.......     94%         3    ####...
 Airstrike                Air            #.........   100%        4    #####..
 Cause Fear               Hex            #.........   100%        4    #####..
 Force Lance              Conj/Tloc      #.......     100%        4    #####..
 Fulminant Prism          Conj/Hex       #.........   100%        4    #####..
 Ice Form                 Ice/Tmut       #.......     100%        4    #####..
 Iskenderun's Mystic Bla  Conj           #.......     100%        4    #####..
 Olgreb's Toxic Radiance  Pois           #.......     100%        4    #####..
 Passage of Golubria      Tloc           N/A          100%        4    #####..
 Petrify                  Tmut/Erth      #.......     100%        4    #####..
 Summon Ice Beast         Ice/Summ       #.......     100%        4    #####..
 Summon Lightning Spire   Summ/Air       #.......     100%        4    #####..
 Throw Icicle             Conj/Ice       #.......     100%        4    #####..
 Alistair's Intoxication  Tmut/Pois      #.......     100%        5    ######.
 Blade Hands              Tmut           #.........   100%        5    ######.
 Dispel Undead            Necr           #.......     100%        5    ######.
 Lee's Rapid Deconstruct  Erth           #.........   100%        5    ######.
 Lightning Bolt           Conj/Air       #.........   100%        5    ######.
 Metabolic Englaciation   Hex/Ice        #.........   100%        5    ######.
 Silence                  Hex/Air        #.........   100%        5    ######.
 Venom Bolt               Conj/Pois      #.........   100%        5    ######.
 Yara's Violent Unravell  Hex/Tmut       #.........   100%        5    ######.
 Bolt of Fire             Conj/Fire      #.........   100%        6    #######
 Darkness                 Hex            #.........   100%        6    #######
 Deflect Missiles         Chrm/Air       #.........   100%        6    #######
 Dispersal                Tloc           #.........   100%        6    #######
 Freezing Cloud           Conj/Ice/Air   #.........   100%        6    #######
 Invisibility             Hex            #.......     100%        6    #######
 Statue Form              Tmut/Erth      #........    100%        6    #######
 Dragon Form              Tmut           #.........   100%        7    #######
 Ring of Flames           Chrm/Fire      #.........   100%        7    #######
 Controlled Blink         Tloc           N/A          100%        8    #######
 Discord                  Hex            #.........   100%        8    #######
 Disjunction              Tloc           #.........   100%        8    #######
 Dragon's Call            Summ           #.........   100%        9    #######


Dungeon Overview and Level Annotations

Branches:
Dungeon (15/15)            Temple (1/1) D:6            Lair (6/6) D:11
  Swamp (4/4) Lair:3       Spider (4/4) Lair:3        Slime (0/5) Lair:5
    Orc (2/2) D:9             Elf (3/3) Orc:2        Vaults (5/5) D:14
  Crypt (3/3) Vaults:3       Tomb (2/3) Crypt:3      Depths (1/5) D:15

Altars:
Ashenzari
Cheibriados
Dithmenos
Elyvilon
Fedhas
Gozag
Hepliaklqana
Kikubaaqudgha
Makhleb
Nemelex Xobeh
Okawaru
Qazlal
Ru
Sif Muna
Trog
Uskayaw
Vehumet
Wu Jian
Xom
Yredelemnul
Zin
The Shining One
Beogh
Jiyva

Shops:
D:8 !   Orc:2 [*[!   Elf:2 ?   Vaults:2 [   Vaults:3 }

Portals:
Abyss: Depths:1
Trove: Elf:1 (give 2 scrolls of acquirement)

Annotations:
D:15 Nessos
Swamp:2 exclusion: Roxanne, Roxanne
Elf:1 Kirke
Vaults:1 3 runed doors, Qioc's ghost, adept MiGl
Vaults:3 3 runed doors, Vitsar's ghost, adept HOGl


Innate Abilities, Weirdness & Mutations

You reflexively headbutt those who attack you in melee.
You have a pair of horns on your head.
You are partially covered in thin metallic scales. (AC +2)
You possess an exceptional clarity of mind.
Your body sometimes deteriorates upon taking damage.
You expend magic power (3 MP) to strengthen your wands.


Message History

You are more poisoned.
* * * LOW HITPOINT WARNING * * *
x2 You feel very sick.
Unknown command.
* * * LOW HITPOINT WARNING * * *
You feel very sick. The mummy priest barely misses you.
The ushabti shakes and rattles deafeningly!
You block the mummy priest's attack.
The ushabti shakes and rattles.
The vile air hits the mummy priest.
The vile air hits you!
* * * LOW HITPOINT WARNING * * *
Items here: ! ) ? [ a great sword of protection; a plate armour; a potion of blood a scroll of magic mapping Unknown command.
You feel much better.
You are engulfed in dark miasma.
You are more poisoned.
You feel your flesh rotting away!
* * * LOW HITPOINT WARNING * * *
You die...

...#.. #... ..#..
#... ....##...
........ .......
####### ...?
#..^..#
###'#########.....#
#.^^§.#§§§#......(#
#...8§M@§§'.......#
#.....#^.^#^^.....#
#..^..#...#.......#
###################


You could see a mummy priest and an ushabti.

Vanquished Creatures
  An ancient lich (Tomb:2)
  5 greater mummies
  Boris (twice) (Vaults:2 Tomb:2)
  the Lernaean hydra (Swamp:4)
  Nikola (Spider:4)
  Jory (Tomb:2)
  The ghost of Qioc the Conqueror, an adept MiGl of Ashenzari (Vaults:4)
  A lich (Tomb:1)
  2 deep elf master archers (Elf:3)
  7 sphinxes (Tomb:1)
  2 deep elf blademasters (Elf:3)
  Gastronok (D:9)
  4 ancient champions
  2 thorn hunters
  Agnes (Spider:1)
  Donald (Elf:3)
  A shadow dragon (Vaults:3)
  2 revenants
  A fire giant (Depths:1)
  A frost giant (Depths:1)
  2 orc warlords
  7 deep elf sorcerers
  4 vault wardens
  An imperial myrmidon (Desolation)
  2 deep elf elementalists (Elf:3)
  5 ghost moths
  6 emperor scorpions
  A curse skull (Crypt:2)
  5 ironheart preservers
  6 stone giants
  9 entropy weavers
  2 vampire knights
  10 very ugly things
  4 deep elf annihilators
  4 dire elephants
  7 deep elf demonologists
  3 spark wasps (Spider:4)
  3 eidola
  3 deep elf death magi (Elf:3)
  An ettin (Depths:1)
  10 mummy priests
  5 jiangshi
  A quicksilver dragon zombie (Crypt:2)
  The ghost of CowFu the Severer, a journeyman HOMo of Makhleb (D:12)
  2 ragged hierophants
  3 fire dragons
  16 ogre magi
  4 servants of whispers (Desolation)
  2 deep elf high priests (Elf:3)
  A rakshasa (Vaults:3)
  9 vault guards
  4 yaktaur captains
  2 great orbs of eyes
  2 ice dragons
  16 hydras
  3 peacekeepers (Desolation)
  9 alligators
  A deep troll shaman (Depths:1)
  13 centaur warriors
  55 two-headed ogres
  27 dancing weapons
  An anaconda (Lair:6)
  2 catoblepae
  6 death knights
  A queen ant (Lair:5)
  2 deep troll earth magi (Depths:1)
  32 death scarabs (Tomb:1)
  A tengu warrior (D:13)
  A sun demon (D:15)
  6 vampire magi
  18 deep elf knights
  An orc high priest (Elf:1)
  A soul eater (Crypt:1)
  A fire crab (shapeshifter) (D:15)
  2 shadow wraiths (Crypt:2)
  14 skeletal warriors
  2 unseen horrors
  4 spriggan druids
  11 deep trolls
  4 flayed ghosts
  12 deep elf archers
  3 phantasmal warriors
  12 swamp dragons
  10 ironbrand convokers
  9 wizards
  7 orc knights
  A golden dragon skeleton (Crypt:2)
  4 necromancers
  16 orb spiders
  A lindwurm (Lair:4)
  A harpy (Vaults:3)
  A shadow dragon skeleton (Tomb:1)
  A wolf spider zombie (Tomb:1)
  27 wolf spiders
  5 cyclopes
  5 orc sorcerers
  42 ugly things
  An oklob plant (Orc:1)
  A moth of wrath (Spider:1)
  A salamander (shapeshifter) (D:15)
  17 elephants
  64 deep elf magi
  A centaur zombie (D:15)
  A fire giant skeleton (Tomb:1)
  5 toenail golems (Volcano)
  8 vault sentinels
  2 dire elephant zombies
  A frost giant skeleton (Crypt:1)
  3 gargoyles
  2 naga magi (D:15)
  5 black mambas
  2 torpor snails
  2 efreet
  3 kobold demonologists
  A molten gargoyle (Desolation)
  A catoblepas zombie (Crypt:2)
  3 centaur skeletons
  25 spiny frogs
  A white draconian zombie (Crypt:1)
  3 rime drakes
  14 demonic crawlers
  2 yaktaurs (shapeshifter)
  5 komodo dragons
  An ice devil (D:15)
  19 yaktaurs
  8 freezing wraiths
  A merfolk (shapeshifter) (Elf:2)
  20 guardian mummies
  A queen bee (shapeshifter) (Vaults:3)
  16 hornets
  An iron troll skeleton (Crypt:2)
  A golden dragon simulacrum (Crypt:2)
  33 jumping spiders
  5 trolls
  Prince Ribbit (D:3)
  14 bog bodies
  9 dream sheep
  9 tyrant leeches
  25 saltlings
  A moth of wrath zombie (Crypt:2)
  42 slime creatures
  10 blink frogs
  A stone giant simulacrum (Crypt:1)
  4 hippogriffs
  2 meliai zombies
  2 air elementals
  6 water elementals
  7 flying skulls
  A guardian serpent skeleton (Crypt:1)
  3 shadows
  30 tarantellas
  Sigmund (D:3)
  65 redbacks
  3 wyverns
  9 wraiths
  A vampire (D:11)
  7 spriggans
  An ettin skeleton (Crypt:1)
  5 ushabtiu
  A satyr skeleton (Crypt:2)
  A basilisk (Lair:4)
  A fire elemental (Elf:1)
  7 hogs
  9 vampire mosquitoes
  Menkaure (D:4)
  9 wargs
  15 yaks
  A hungry ghost (D:9)
  14 swamp worms
  9 insubstantial wisps (Swamp:3)
  5 soldier ants (Lair:5)
  2 acid dragons (D:15)
  A hydra simulacrum (Crypt:2)
  A spiny frog zombie (Crypt:2)
  A merfolk skeleton (Crypt:2)
  A floating eye (shapeshifter) (Vaults:4)
  10 water moccasins
  A hornet zombie (Crypt:1)
  Duvessa (D:7)
  11 porcupines
  17 swamp drakes
  36 orc warriors
  A swamp dragon zombie (Crypt:2)
  A two-headed ogre skeleton (Crypt:1)
  2 snapping turtle zombies
  6 sky beasts
  5 black bears
  2 necrophages
  An ettin simulacrum (Vaults:1)
  7 wolves
  A manticore skeleton (Crypt:2)
  47 ogres
  A phantom (D:10)
  23 centaurs
  5 big kobolds
  8 crocodiles
  2 earth elementals
  An elf zombie (Ossuary)
  11 bullfrogs
  Dowan (D:7)
  A water moccasin zombie (D:5)
  3 scorpions
  2 wyvern skeletons
  4 killer bees (D:10)
  A polar bear skeleton (Crypt:2)
  A yak skeleton (Crypt:1)
  8 howler monkeys
  5 electric eels
  7 crimson imps
  3 bullfrog zombies
  7 jellies
  8 hounds
  A human simulacrum (Vaults:2)
  25 orc priests
  Crazy Yiuf (D:5)
  28 orc wizards
  2 bullfrog skeletons
  4 iguanas
  Ijyb (D:4)
  A gnoll shaman (D:4)
  16 worker ants
  A tengu zombie (Crypt:1)
  2 big kobold zombies (Ossuary)
  An acid dragon skeleton (Crypt:2)
  A hound zombie (D:9)
  2 hound skeletons
  29 mummies
  A howler monkey zombie (D:11)
  A worker ant zombie (D:8)
  8 gnolls
  A howler monkey skeleton (D:11)
  14 adders
  2 shadow imps (D:14)
  4 white imps (D:15)
  An ooze (D:2)
  An adder zombie (D:9)
  3 worms
  A dart slug (D:1)
  4 leopard geckos
  120 orcs
  6 giant cockroaches
  6 goblins
  6 hobgoblins
  16 jackals
  8 quokkas
  A river rat zombie (Crypt:2)
  3 ball pythons
  A ball python zombie (D:5)
  8 bats
  3 frilled lizards
  4 gnoll zombies (Ossuary)
  A goblin zombie (Ossuary)
  A hobgoblin zombie (Ossuary)
  A jackal skeleton (D:5)
  41 kobolds
  3 leopard gecko skeletons
  A leopard gecko zombie (D:6)
  An orc skeleton (Crypt:1)
  3 orc zombies (Ossuary)
  2 quokka skeletons
  A quokka zombie (D:3)
  12 rats
  A briar patch (Swamp:1)
  2 crawling corpses (Elf:3)
  5 plants
1858 creatures vanquished.

Vanquished Creatures (others)
  A hydra (Swamp:1)
  A centaur warrior (D:10)
  A shadow wraith (Vaults:3)
  A skeletal warrior (Tomb:2)
  An orb spider (Spider:4)
  An ugly thing (D:12)
  A centaur skeleton (D:12)
  A jumping spider (Spider:4)
  A fire dragon skeleton (Tomb:2)
  2 redbacks (Spider:4)
  A yak (D:12)
  A hungry ghost (D:10)
  A warg (D:15)
  An ice beast (D:8)
  2 orc warriors
  An ogre (Vaults:2)
  A bullfrog (D:10)
  3 big kobolds
  2 scorpions
  A killer bee (D:10)
  A howler monkey (D:7)
  2 crimson imps
  A centaur zombie (D:12)
  2 orc priests
  An orc wizard (D:7)
  2 big kobold zombies (Ossuary)
  A tengu skeleton (Tomb:2)
  A hound zombie (D:7)
  3 mummies (Tomb:2)
  A shadow imp (D:12)
  2 orcs
  2 kobolds (D:6)
  A briar patch (Swamp:1)
  A bush (Swamp:4)
  14 fungi
  24 plants
  9 toadstools (Lair:4)
93 creatures vanquished.

Grand Total: 1951 creatures vanquished

Notes
Turn   | Place    | Note
-------+----------+-------------------------------------------
     0 | D:1      | pkoi the Minotaur Gladiator began the quest for the Orb.
     0 | D:1      | Reached XP level 1. HP: 18/18 MP: 0/0
    36 | D:1      | Reached skill level 4 in Long Blades
   253 | D:1      | Reached XP level 2. HP: 25/25 MP: 1/1
   806 | D:2      | Reached XP level 3. HP: 23/30 MP: 2/2
   924 | D:2      | Found a burning altar of Makhleb.
  1098 | D:2      | Reached skill level 1 in Armour
  1098 | D:2      | Reached skill level 1 in Shields
  1223 | D:2      | Reached skill level 5 in Long Blades
  1223 | D:2      | Reached XP level 4. HP: 38/38 MP: 3/3
  1276 | D:2      | Found a glowing silver altar of Zin.
  1740 | D:2      | Reached XP level 5. HP: 40/45 MP: 4/4
  2253 | D:3      | Noticed Sigmund
  2385 | D:4      | Reached XP level 6. HP: 33/52 MP: 5/5
  2684 | D:4      | Noticed Menkaure
  2693 | D:4      | Gained mutation: You are partially covered in thin metallic
                  | scales. (AC +2) [potion of mutation]
  2693 | D:4      | Gained mutation: Your body sometimes deteriorates upon
                  | taking damage. [potion of mutation]
  2693 | D:4      | Gained mutation: You possess an exceptional clarity of
                  | mind. [potion of mutation]
  2693 | D:4      | Gained mutation: You expend magic power (3 MP) to
                  | strengthen your wands. [potion of mutation]
  2702 | D:4      | Killed Menkaure
  2702 | D:4      | Reached skill level 6 in Long Blades
  2872 | D:4      | Found an opulent altar of Gozag.
  2918 | D:4      | Found a hazy altar of Hepliaklqana.
  2992 | D:4      | Reached XP level 7. HP: 56/59 MP: 6/6
  3121 | D:4      | Found a sacrificial altar of Ru.
  3281 | D:5      | Entered Level 5 of the Dungeon
  3283 | D:5      | Noticed Prince Ribbit
  3283 | D:5      | Noticed Ijyb
  3871 | D:3      | Killed Sigmund
  3871 | D:3      | Reached skill level 7 in Long Blades
  3871 | D:3      | Reached skill level 5 in Dodging
  4331 | D:5      | Reached skill level 5 in Fighting
  4331 | D:5      | Reached XP level 8. HP: 68/68 MP: 7/7
  4564 | D:5      | Found a runed door.
  4568 | D:5      | Noticed Crazy Yiuf
  4629 | D:5      | Killed Crazy Yiuf
  4678 | D:6      | Found a snail-covered altar of Cheibriados.
  4689 | D:5      | Reached skill level 8 in Long Blades
  5300 | D:6      | Reached skill level 5 in Armour
  5323 | D:6      | Found a staircase to the Ecumenical Temple.
  5360 | D:6      | Reached skill level 5 in Shields
  5391 | Temple   | Entered the Ecumenical Temple
  5538 | Temple   | Became a worshipper of Warmaster Okawaru
  5631 | D:4      | Killed Ijyb
  6015 | D:7      | Found a sand-covered staircase.
  6019 | Ossuary  | Entered an ossuary
  6031 | Ossuary  | Reached skill level 9 in Long Blades
  6087 | Ossuary  | Reached XP level 9. HP: 67/75 MP: 8/8
  6260 | D:7      | Noticed Duvessa
  6260 | D:7      | Noticed Dowan
  6272 | D:7      | Killed Duvessa
  6272 | D:7      | Reached * piety under Okawaru
  6276 | D:7      | Killed Dowan
  7138 | D:8      | Reached skill level 10 in Long Blades
  7434 | D:8      | Found Ysabyl's Distillery.
  7456 | D:8      | Bought a potion of heal wounds for 65 gold pieces
  7456 | D:8      | Bought a potion of curing for 39 gold pieces
  7456 | D:8      | Bought a potion of might for 52 gold pieces
  7524 | D:8      | Reached ** piety under Okawaru
  8153 | D:9      | Found a staircase to the Orcish Mines.
  8180 | D:9      | Noticed a centaur warrior
  8238 | D:8      | Reached XP level 10. HP: 68/86 MP: 9/9
  8246 | D:8      | Killed a centaur warrior
  8246 | D:8      | Reached skill level 11 in Long Blades
  8247 | D:8      | Reached *** piety under Okawaru
  9193 | D:10     | Entered Level 10 of the Dungeon
  9216 | D:10     | Noticed a centaur warrior
  9232 | D:10     | Banished a centaur warrior
  9232 | D:10     | Reached skill level 12 in Long Blades
  9269 | D:10     | Noticed Gastronok
  9277 | D:10     | Received a gift from Okawaru
  9380 | D:10     | Noticed a two-headed ogre
  9544 | D:10     | Noticed a two-headed ogre
 10465 | D:10     | Killed a two-headed ogre
 10465 | D:10     | Reached **** piety under Okawaru
 10465 | D:10     | Reached XP level 11. HP: 95/95 MP: 10/10
 10752 | D:10     | Killed a two-headed ogre
 10967 | D:11     | Killed an unseen horror
 11006 | D:11     | Found a staircase to the Lair.
 11024 | D:11     | Noticed a green ugly thing
 11097 | D:11     | Noticed a two-headed ogre
 11128 | D:11     | Killed a two-headed ogre
 11141 | D:11     | Killed a green ugly thing
 11141 | D:11     | Reached ***** piety under Okawaru
 11141 | D:11     | Reached skill level 1 in Invocations
 11319 | D:11     | Reached skill level 13 in Long Blades
 11626 | D:11     | Found a roughly hewn altar of Beogh.
 11766 | D:11     | Received a gift from Okawaru
 12230 | D:12     | Noticed CowFu's ghost (journeyman HOMo)
 12234 | D:12     | Found a runed gate.
 12236 | D:12     | Found a runed gate.
 12236 | D:12     | Found a runed gate.
 12382 | D:12     | Reached skill level 5 in Throwing
 12488 | D:12     | Noticed a white ugly thing
 12553 | D:12     | Banished a white ugly thing
 12553 | D:12     | Reached skill level 10 in Fighting
 12889 | D:12     | Noticed a red ugly thing
 13148 | Lair:1   | Entered Level 1 of the Lair of Beasts
 13181 | Lair:1   | Found a dark tunnel.
 13189 | Lair:1   | Reached XP level 12. HP: 97/106 MP: 13/13
 13193 | Volcano  | Entered a volcano
 13213 | Volcano  | Received a gift from Okawaru
 13230 | Volcano  | Reached skill level 10 in Armour
 13230 | Volcano  | Reached skill level 10 in Shields
 13538 | Lair:1   | Received a gift from Okawaru
 13541 | Lair:1   | Got a fine plate armour {god gift}
 13545 | Lair:1   | Identified the +2 plate armour of Gravity {-Tele rCorr
                  | Str+6} (Okawaru gifted it to you on level 1 of the Lair of
                  | Beasts)
 13953 | Lair:1   | Got a slimy ring mail
 13954 | Lair:1   | Identified the +1 ring mail of Too Many Cooks {-Tele rElec
                  | rF- Str+9} (You found it on level 1 of the Lair of Beasts)
 14553 | Lair:2   | Reached skill level 14 in Long Blades
 15887 | Lair:3   | Found a staircase to the Swamp.
 16309 | Lair:3   | Reached XP level 13. HP: 105/116 MP: 15/15
 16354 | Lair:3   | Found a hole to the Spider Nest.
 17330 | Lair:4   | Received a gift from Okawaru
 17340 | Lair:4   | Reached skill level 15 in Long Blades
 17775 | Lair:3   | Received a gift from Okawaru
 18136 | Lair:4   | Received a gift from Okawaru
 18304 | Lair:4   | Found a runed door.
 19193 | D:3      | Killed Prince Ribbit
 19360 | D:9      | Killed Gastronok
 19360 | D:9      | Reached skill level 1 in Evocations
 19773 | Lair:5   | Found a viscous altar of Jiyva.
 19776 | Lair:5   | Found a staircase to the Slime Pits.
 20045 | Lair:5   | Noticed an entropy weaver
 20045 | Lair:5   | Noticed an entropy weaver
 20051 | Lair:5   | Killed an entropy weaver
 20060 | Lair:5   | Killed an entropy weaver
 20745 | Lair:5   | Received a gift from Okawaru
 21124 | Lair:5   | Got a twisted long sword
 21125 | Lair:5   | Identified the +11 long sword of Accord {venom, +Inv} (You
                  | found it on level 5 of the Lair of Beasts)
 21315 | Lair:6   | Entered Level 6 of the Lair of Beasts
 21333 | Lair:5   | Reached skill level 16 in Long Blades
 21830 | Lair:6   | Found a burning altar of Makhleb.
 21852 | Lair:6   | Received a gift from Okawaru
 22150 | Lair:6   | Reached XP level 14. HP: 101/127 MP: 16/16
 22691 | Lair:6   | Reached ****** piety under Okawaru
 22696 | Lair:6   | Received a gift from Okawaru
 23699 | D:13     | Got an ancient scale mail
 23700 | D:13     | Identified the cursed +1 scale mail "Imyul" {Dex+4} (You
                  | found it on level 13 of the Dungeon)
 24033 | D:13     | Received a gift from Okawaru
 24036 | D:13     | Got an ancient scale mail {god gift}
 24037 | D:13     | Identified the +3 scale mail of the Endless Expanse {Str+4}
                  | (Okawaru gifted it to you on level 13 of the Dungeon)
 24520 | D:14     | Found a glowing silver altar of Zin.
 24770 | D:14     | Reached skill level 5 in Invocations
 25015 | Orc:1    | Entered Level 1 of the Orcish Mines
 25527 | Orc:1    | Found a roughly hewn altar of Beogh.
 25831 | Orc:2    | Entered Level 2 of the Orcish Mines
 25864 | Orc:1    | Reached skill level 17 in Long Blades
 26127 | Orc:2    | Found a staircase to the Elven Halls.
 26173 | Orc:2    | Noticed an orc warlord
 26448 | Orc:1    | Killed an orc warlord
 26702 | Orc:2    | Reached XP level 15. HP: 104/136 MP: 18/18
 26706 | Orc:2    | Received a gift from Okawaru
 26767 | Orc:2    | Found Necyedimn's Assorted Antiques.
 26767 | Orc:2    | Found Buwnyiwk's Armour Emporium.
 26767 | Orc:2    | Found Rajyxen's Armour Shoppe.
 26767 | Orc:2    | Found Ineerujo's Assorted Antiques.
 27000 | Orc:2    | Bought the +1 pair of boots of Curiosity {rC+} for 305 gold
                  | pieces
 27158 | Orc:2    | Found Kiwoyvosk's Distillery.
 27180 | Orc:2    | Bought a potion of resistance for 170 gold pieces
 27197 | Orc:2    | Bought a wand of digging (11) for 224 gold pieces
 27711 | D:13     | Received a gift from Okawaru
 28391 | D:14     | Reached skill level 5 in Evocations
 28432 | D:14     | Received a gift from Okawaru
 28590 | D:14     | Found a gate to the Vaults.
 28669 | D:15     | Entered Level 15 of the Dungeon
 29240 | D:15     | Reached skill level 15 in Armour
 29655 | D:15     | Received a gift from Okawaru
 29777 | D:15     | Noticed Nessos
 30453 | D:15     | Found a staircase to the Depths.
 30465 | D:15     | Received a gift from Okawaru
 30476 | D:15     | Reached XP level 16. HP: 146/146 MP: 20/20
 30971 | Orc:2    | Bought a +4 chain mail of poison resistance for 427 gold
                  | pieces
 31132 | Swamp:1  | Entered Level 1 of the Swamp
 31132 | Swamp:1  | Noticed a thorn hunter
 31146 | Lair:3   | Killed a thorn hunter
 31595 | Swamp:1  | Noticed a thorn hunter
 31613 | Swamp:1  | Killed a thorn hunter
 31626 | Swamp:1  | Received a gift from Okawaru
 31626 | Swamp:1  | Reached skill level 10 in Dodging
 31914 | Swamp:1  | Reached skill level 18 in Long Blades
 32139 | Swamp:1  | Received a gift from Okawaru
 32145 | Swamp:1  | Got a pair of distressingly furry boots {god gift}
 32146 | Swamp:1  | Identified the +0 pair of boots of Dasoyrchi {Dex+4}
                  | (Okawaru gifted it to you on level 1 of the Swamp)
 32986 | Swamp:2  | Noticed Roxanne
 33220 | D:12     | Killed CowFu's ghost
 33227 | D:12     | Got a wavering silver ring
 33228 | D:12     | Identified the ring "Iqid" {Ice rElec MR- Str+8 Dex+2} (You
                  | found it on level 12 of the Dungeon)
 33315 | D:14     | Got a shimmering scimitar {god gift}
 33316 | D:14     | Identified the +1 scimitar of Youthful Indiscretion {slice,
                  | Int+2 Dex+2} (Okawaru gifted it to you on level 14 of the
                  | Dungeon)
 34507 | Swamp:4  | Entered Level 4 of the Swamp
 35008 | Swamp:4  | Noticed the 27-headed Lernaean hydra
 35021 | Swamp:4  | Killed the 23-headed Lernaean hydra
 35233 | Swamp:4  | Got a decaying rune of Zot
 35427 | Swamp:4  | Received a gift from Okawaru
 35587 | Swamp:4  | Reached XP level 17. HP: 154/154 MP: 22/22
 35596 | Swamp:4  | Got a translucent ring mail
 35597 | Swamp:4  | Identified the +2 ring mail "Cogecall" {rElec SInv} (You
                  | found it on level 4 of the Swamp)
 35619 | Swamp:4  | Got a distressingly furry chain mail
 35620 | Swamp:4  | Identified the +5 chain mail of Reason {rElec rN++} (You
                  | found it on level 4 of the Swamp)
 35981 | Swamp:4  | Reached skill level 15 in Fighting
 36525 | Spider:1 | Entered Level 1 of the Spider Nest
 36887 | Spider:1 | Noticed Agnes
 36894 | Spider:1 | Killed Agnes
 37244 | Spider:1 | Identified a scroll of acquirement
 37717 | Spider:2 | Received a gift from Okawaru
 38181 | Spider:2 | Received a gift from Okawaru
 39350 | Spider:4 | Entered Level 4 of the Spider Nest
 39443 | Spider:4 | Reached skill level 19 in Long Blades
 39643 | Spider:3 | Received a gift from Okawaru
 39646 | Spider:3 | Got a pair of dazzling gloves {god gift}
 39657 | Spider:3 | Identified the +0 pair of gloves of the Invisible Hand
                  | {+Inv Str+5 Dex-5 SInv} (Okawaru gifted it to you on level
                  | 3 of the Spider Nest)
 39755 | Spider:4 | Got a scorched platinum ring
 39757 | Spider:4 | Identified the ring "Imommuej" {rF+++ rC- Dex-2 Slay+3
                  | Stlth+} (You acquired it on level 4 of the Spider Nest)
 40179 | Spider:4 | Noticed Nikola
 40666 | Spider:4 | Reached XP level 18. HP: 141/166 MP: 23/23
 41563 | Spider:4 | Killed Nikola
 42503 | Spider:4 | Received a gift from Okawaru
 43206 | Spider:4 | Received a gift from Okawaru
 43466 | Spider:4 | Got a gossamer rune of Zot
 43946 | Elf:1    | Entered Level 1 of the Elven Halls
 43972 | Elf:1    | Received a gift from Okawaru
 44221 | Elf:1    | Reached skill level 15 in Shields
 44234 | Elf:1    | Identified the Disquisition on Battle Magic
 44620 | Elf:1    | Found a portal to a secret trove of treasure.
 44924 | Elf:1    | Noticed Kirke
 46008 | Elf:2    | Found Eluzusow's Magic Scroll Shop.
 46016 | Elf:2    | Bought a scroll of silence for 135 gold pieces
 46016 | Elf:2    | Bought a scroll of identify for 36 gold pieces
 46016 | Elf:2    | Bought a scroll of identify for 36 gold pieces
 46208 | Elf:2    | Found a runed gate.
 46208 | Elf:2    | Found a runed gate.
 46222 | Elf:2    | Found a runed gate.
 47446 | Elf:2    | Reached skill level 10 in Throwing
 47625 | Elf:2    | Received a gift from Okawaru
 47625 | Elf:2    | Reached XP level 19. HP: 154/174 MP: 24/24
 47732 | Elf:3    | Entered Level 3 of the Elven Halls
 48619 | Elf:3    | Noticed Donald
 48628 | Elf:3    | Killed Donald
 49080 | Elf:3    | HP: 7/177 [deep elf annihilator/crystal spear (37)]
 49563 | Elf:3    | Reached skill level 20 in Long Blades
 49849 | Elf:3    | Received a gift from Okawaru
 49962 | Elf:3    | Got a scintillating brass amulet
 49968 | Elf:3    | Identified the amulet of Qago Ido {+Rage +Fly Str+2 Slay+3}
                  | (You took it off a deep elf demonologist on level 3 of the
                  | Elven Halls)
 50079 | Elf:3    | Received a gift from Okawaru
 50441 | Elf:3    | Got a bound garnet amulet
 50482 | Elf:3    | Identified the amulet "Ofauwker" {+Rage +Inv rPois Int-2
                  | Slay-4} (You took it off a deep elf elementalist on level 3
                  | of the Elven Halls)
 50513 | Elf:3    | Cast into level 3 of the Abyss (a deep elf sorcerer)
 50552 | Abyss:3  | Got a pair of jewelled gloves
 50553 | Abyss:3  | Identified the cursed +0 pair of gloves of Levity {*Drain
                  | rF+ rC+ rN+} (You found it on level 3 of the Abyss)
 50562 | Elf:3    | Escaped the Abyss
 51011 | Elf:3    | Identified the Catalogue of Mutagenic Stolen Souls
 51295 | Vaults:1 | Entered Level 1 of the Vaults
 51462 | Vaults:1 | Found a ruined gateway.
 51466 | Desolati | Entered the Desolation of Salt
 51934 | Desolati | Received a gift from Okawaru
 52491 | Vaults:1 | Received a gift from Okawaru
 52827 | Vaults:1 | Noticed Qioc's ghost (adept MiGl)
 53333 | Vaults:1 | Found a runed gate.
 53333 | Vaults:1 | Found a runed gate.
 53333 | Vaults:1 | Found a runed gate.
 53369 | Vaults:1 | Reached XP level 20. HP: 161/187 MP: 26/26
 53551 | Vaults:1 | Found a white marble altar of Elyvilon.
 53749 | Vaults:2 | Received a gift from Okawaru
 53922 | Vaults:2 | Reached skill level 10 in Evocations
 54091 | Vaults:2 | Received a gift from Okawaru
 54099 | Vaults:2 | Got a garnet-encrusted scale mail {god gift}
 54100 | Vaults:2 | Identified the +3 scale mail of an ossuary {rF+ rC+ rN+
                  | MR+} (Okawaru gifted it to you on level 2 of the Vaults)
 54857 | Vaults:2 | Noticed Boris
 54891 | Vaults:2 | Killed Boris
 55307 | Vaults:2 | Found Habruxko's Armour Boutique.
 55564 | Vaults:3 | Received a gift from Okawaru
 55567 | Vaults:3 | Reached skill level 15 in Dodging
 55574 | Vaults:3 | Reached skill level 21 in Long Blades
 55615 | Vaults:3 | Found a staircase to the Crypt.
 55617 | Vaults:3 | Found Zuaf's Gadget Shoppe.
 55825 | Vaults:3 | Found a runed gate.
 55825 | Vaults:3 | Found a runed gate.
 55825 | Vaults:3 | Found a runed gate.
 55829 | Vaults:3 | Noticed Vitsar's ghost (adept HOGl)
 57333 | Vaults:3 | Found a roughly hewn altar of Beogh.
 57541 | Vaults:4 | Received a gift from Okawaru
 57548 | Vaults:4 | Reached XP level 21. HP: 192/195 MP: 28/28
 57905 | Vaults:4 | Paralysed by a floating eye for 2 turns
 58210 | Vaults:4 | Found a runed door.
 58214 | Vaults:4 | Noticed Qioc's ghost (adept MiGl)
 58558 | Vaults:4 | Killed Qioc's ghost
 58812 | Vaults:5 | Entered Level 5 of the Vaults
 60336 | Depths:1 | Entered Level 1 of the Depths
 61333 | Depths:1 | Received a gift from Okawaru
 61336 | Depths:1 | Got an ichor-stained large shield {god gift}
 61544 | Depths:1 | Identified the +0 large shield of the Locust {rPois}
                  | (Okawaru gifted it to you on level 1 of the Depths)
 61904 | Depths:1 | Learned a level 2 spell: Blink
 61910 | Depths:1 | Found a one-way gate to the infinite horrors of the Abyss.
 62408 | Crypt:1  | Entered Level 1 of the Crypt
 64035 | Crypt:3  | Entered Level 3 of the Crypt
 64054 | Crypt:3  | Received a gift from Okawaru
 64054 | Crypt:3  | Reached skill level 22 in Long Blades
 64514 | Crypt:3  | Found a staircase to the Tomb.
 64519 | Tomb:1   | Entered Level 1 of the Tomb of the Ancients
 64524 | Tomb:1   | Reached XP level 22. HP: 173/206 MP: 30/30
 65338 | Tomb:1   | Paralysed by a sphinx for 3 turns
 65351 | Tomb:1   | Reached skill level 10 in Invocations
 65725 | Tomb:1   | Paralysed by a sphinx for 5 turns
 65908 | Tomb:1   | Noticed a greater mummy
 65918 | Tomb:1   | Killed a greater mummy
 66223 | Tomb:1   | Received a gift from Okawaru
 66281 | Tomb:1   | Noticed a greater mummy
 66301 | Tomb:1   | Killed a greater mummy
 66301 | Tomb:1   | Received a gift from Okawaru
 66310 | Tomb:1   | Got a brightly glowing rapier {god gift}
 67032 | Tomb:1   | Noticed a greater mummy
 67036 | Tomb:1   | Killed a greater mummy
 67224 | Tomb:2   | Noticed a greater mummy
 67224 | Tomb:2   | Noticed a greater mummy
 67226 | Tomb:2   | Noticed a greater mummy
 67226 | Tomb:2   | Noticed an ancient lich
 67235 | Tomb:2   | Noticed Jory
 67238 | Tomb:2   | Received a gift from Okawaru
 67707 | Tomb:2   | Noticed Boris
 67709 | Tomb:2   | Killed Boris
 67778 | Tomb:2   | Killed a greater mummy
 67967 | Tomb:2   | Killed a greater mummy
 68050 | Tomb:2   | Killed Jory
 68090 | Tomb:2   | Received a gift from Okawaru
 68094 | Tomb:2   | Killed an ancient lich
 68109 | Tomb:2   | Got a crude great sword {vamp}
 68117 | Tomb:2   | HP: 10/201 [poisoned by an ushabti (dark miasma)]
 68118 | Tomb:2   | HP: 4/201 [poisoned by an ushabti (dark miasma)]
 68118 | Tomb:2   | HP: 1/201 [ushabti/vile air (3)]
 68119 | Tomb:2   | Succumbed to an ushabti's dark miasma

Skill      XL: |  1  2  3  4  5  6  7  8  9 10 11 12 13 14 15 16 17 18 19 20 21 22 |
---------------+-------------------------------------------------------------------+-----
Long Blades    | 4 5 6 7 9 10 12 13 14 16 17 18 19 20 21 22 | 22.6
Armour         | 1 2 3 4 5 7 8 9 11 12 13 15 16 17 18 | 18.0
Shields        | 1 2 3 4 5 7 8 9 10 11 12 13 14 15 16 | 16.6
Fighting       | 3 4 5 6 7 8 10 11 12 13 14 15 16 17 18 19 20 | 20.4
Dodging        | 4 5 6 8 9 10 12 13 14 15 | 15.5
Throwing       | 3 5 7 8 10 11 12 13 14 | 14.6
Invocations    | 3 4 5 7 8 9 11 | 11.2
Evocations     | 3 4 5 6 8 9 11 12 | 12.0

Action                   |  1- 3 |  4- 6 |  7- 9 | 10-12 | 13-15 | 16-18 | 19-21 | 22-24 || total
-------------------------+-------+-------+-------+-------+-------+-------+-------+-------++-------
Melee: Long sword        |    88 |   220 |   517 |   522 |   984 |  1405 |  1269 |       ||  5005
       Headbutt          |    12 |    32 |    98 |   155 |   397 |   445 |   464 |    76 ||  1679
       Triple sword      |       |       |       |   128 |   224 |       |       |       ||   352
       Scimitar          |       |       |       |       |    24 |   258 |       |       ||   282
       Double sword      |       |       |       |       |       |    18 |   319 |   251 ||   588
       Unarmed           |       |       |       |       |       |     5 |     4 |       ||     9
Throw: Throwing net      |       |       |     2 |       |       |       |       |       ||     2
       Tomahawk          |       |       |       |       |    15 |       |       |       ||    15
       Javelin           |       |       |       |       |     4 |    40 |     3 |       ||    47
Invok: Heroism           |       |       |       |     4 |     5 |     6 |     6 |     4 ||    25
       Finesse           |       |       |       |       |     2 |     3 |     5 |     2 ||    12
Evoke: Wand              |       |       |       |       |       |     1 |       |       ||     1
  Use: Scroll            |       |     7 |     3 |     7 |    12 |    13 |    17 |     1 ||    60
       Potion            |       |     4 |     4 |     2 |     3 |       |     1 |     1 ||    15
 Stab: Invisible         |       |       |     1 |       |       |       |       |       ||     1
       Confused          |       |       |       |       |       |     3 |       |       ||     3
  Eat: Chunk             |     1 |     6 |    16 |    21 |    37 |    45 |    34 |     2 ||   162
       Ration            |       |       |       |     3 |     3 |     3 |     6 |     3 ||    18
Armor: Leather armour    |    13 |       |       |       |       |       |       |       ||    13
       Plate armour      |    48 |   127 |   209 |   254 |   404 |    76 |   264 |       ||  1382
       Skin              |       |    31 |       |       |       |       |       |       ||    31
       Chain mail        |       |       |       |       |       |   613 |       |       ||   613
       Scale mail        |       |       |       |       |       |       |   101 |    60 ||   161
Dodge: Dodged            |    21 |    52 |    99 |   235 |   491 |   772 |   663 |   124 ||  2457
Block: Shield            |    39 |   111 |   242 |   222 |   586 |  1192 |   922 |   152 ||  3466
       Reflection        |       |       |       |       |     4 |       |       |       ||     4
       Rpst.: Long sword |     5 |    15 |    25 |    31 |    86 |   110 |    82 |       ||   354
       Triple sword      |       |       |       |    27 |    35 |       |       |       ||    62
       Scimitar          |       |       |       |       |     2 |    15 |       |       ||    17
       Double sword      |       |       |       |       |       |       |    36 |    33 ||    69
